 Dungeon Crawl Stone Soup version 0.32-a0-999-gfa1cc04b1d (webtiles) character file.

Game seed: 14738462140448116102

3178 adelrune the Jinx (level 9, -13/35 HPs)
             Began as a Spriggan Enchanter on Apr 25, 2024.
             Was a Follower of Hepliaklqana.
             Hit by a large rock thrown by a cyclops (39 damage)
             ... on level 8 of the Dungeon.
             The game lasted 00:19:52 (7628 turns).

adelrune the Jinx (Spriggan Enchanter)              Turns: 7628, Time: 00:19:53

Health: -13/35     AC:  7    Str:  4    XL:     9   Next: 63%
Magic:  11/20      EV: 16    Int: 25    God:    Hepliaklqana [*.....]
Gold:   399        SH:  0    Dex: 17    Spells: 9/22 levels left

rFire   . . .        a - +1 dagger (speed)
rCold   . . .        (no shield)
rNeg    . . .        p - +0 steam dragon scales
rPois   .            (helmet restricted)
rElec   .            y - +1 cloak
rCorr   .            (gloves unavailable)
SInv    +            (boots unavailable)
Will    +....        (no amulet)
Stlth   +++++        i - +6 ring of intelligence
HPRegen 0.25/turn    (no ring)
MPRegen 0.17/turn

%: no passive effects
@: lethally poisoned (-13 -> -28), very quick
A: reduced essence, very small, no large weapons, unfitting armour, see
invisible, speed 3
a: Renounce Religion, Recall Ancestor, Ancestor Identity


You were on level 8 of the Dungeon.
You worshipped Hepliaklqana.
Hepliaklqana was aware of your devotion.
You visited 2 branches of the dungeon, and saw 9 of its levels.

You collected 399 gold pieces.

Inventory:

Hand Weapons
 a - a +1 dagger of speed (weapon)
 b - a +0 sling
Armour
 f - a +0 robe
 p - +0 steam dragon scales (worn)
 y - a +1 cloak (worn)
Magical Staves
 u - a staff of alchemy
Jewellery
 i - a +6 ring of intelligence (left hand)
Talismans
 r - a maw talisman
Wands
 j - a wand of polymorph (6)
Scrolls
 e - a scroll of fog
 g - a scroll of vulnerability
 k - 3 scrolls of teleportation
 n - a scroll of identify
 o - 2 scrolls of poison
 t - a scroll of amnesia
 v - a scroll of revelation
Potions
 c - 2 potions of invisibility
 d - a potion of cancellation {unknown}
 h - 2 potions of lignification
 l - 2 potions of magic
 m - a potion of mutation {unknown}
 q - a potion of haste {unknown}
 w - 4 potions of attraction
 z - 2 potions of heal wounds
 A - 3 potions of curing


   Skills:
 + Level 6.4 Short Blades
 - Level 2.6 Dodging
 + Level 10.1 Stealth
 + Level 7.1 Spellcasting
 * Level 10.6 Hexes
 + Level 4.3 Alchemy


You had 9 spell levels left.
You knew the following spells:

 Your Spells              Type           Power      Damage    Failure   Level
a - Ensorcelled Hibernat  Hex/Ice        70%        N/A       1%          2
b - Tukima's Dance        Hex            58%        N/A       1%          3
c - Confusing Touch       Hex            58%        N/A       1%          3
d - Yara's Violent Unrav  Hex/Alch       23%        3d10      9%          5

Your spell library contained the following spells:

 Spells                   Type           Power      Damage    Failure   Level
 Jinxbite                 Hex            100%       N/A       1%          2
 Dazzling Flash           Conj/Hex       70%        N/A       2%          3
 Enfeeble                 Hex            29%        N/A       58%         7


Dungeon Overview and Level Annotations

Branches:
Dungeon (8/15)             Temple (1/1) D:6            Lair (0/5) D:8

Altars:
Ashenzari
Cheibriados
Dithmenos
Elyvilon
Fedhas
Gozag
Hepliaklqana
Kikubaaqudgha
Makhleb
Nemelex Xobeh
Okawaru
Qazlal
Ru
Sif Muna
Trog
Uskayaw
Vehumet
Wu Jian
Xom
Yredelemnul
Zin
The Shining One

Shops:
D:3 [   D:6 =


Innate Abilities, Weirdness & Mutations

Your life essence is reduced to manifest your ancestor. (-10% HP)
You are very small and have problems with some larger weapons.
You are too small for most types of armour.
You have supernaturally acute eyesight. (SInv)
You cover ground extremely quickly. (Speed+++)


Message History

Casting: Ensorcelled Hibernation (safe; 1% risk of failure)
Confirm with . or Enter, or press ? or * to list all spells.
Aiming: Ensorcelled Hibernation (safe; 1% risk of failure)
Press: ? - help, Shift-Dir - straight line, f/p - sky beast
Aim: a sky beast (chance to affect: 63%)
The sky beast resists with significant effort.
The sky beast misses you.
Casting: Ensorcelled Hibernation (safe; 1% risk of failure)
Confirm with . or Enter, or press ? or * to list all spells.
Aiming: Ensorcelled Hibernation (safe; 1% risk of failure)
Press: ? - help, Shift-Dir - straight line, f/p - sky beast
Aim: a sky beast (chance to affect: 63%)
The sky beast resists with significant effort.
The water moccasin barely misses you.
The sky beast hits you but does no damage.
The water moccasin misses you.
Casting: Ensorcelled Hibernation (safe; 1% risk of failure)
Confirm with . or Enter, or press ? or * to list all spells.
Aiming: Ensorcelled Hibernation (safe; 1% risk of failure)
Press: ? - help, Shift-Dir - straight line, f/p - sky beast
Aim: a sky beast (chance to affect: 63%)
The sky beast looks drowsy...
The water moccasin misses you.
A manticore comes into view.
The helpless sky beast fails to defend itself.
You skewer the sky beast like a kebab!!!
You kill the sky beast!
The water moccasin closely misses you.
Casting: Ensorcelled Hibernation (safe; 1% risk of failure)
Confirm with . or Enter, or press ? or * to list all spells.
Aiming: Ensorcelled Hibernation (safe; 1% risk of failure)
Press: ? - help, Shift-Dir - straight line, f - water moccasin
Aim: a water moccasin (chance to affect: 63%)
The water moccasin resists with significant effort.
The water moccasin bites you.
You are poisoned.
The water moccasin poisons you!
The cyclops throws a large rock.
The large rock hits you!!!
Ouch! That really hurt!
You die...
Hepliaklqana delivers you to your ancestors.

.$.. ..##. #.##...#
##.##H. #...#..#
..##..#
###...#..##.##..##
..........##C.##) #
.#......##..##.. ..
...#..##..##... ...
..#.##@S##$.## ....
#.#....##O.##.
###..##.#.#.##y.##).
..........##.##..##|
..########.#####.##..##
...# #.######.##..#
...# #.#...###.##..
.... #....<.....##.
.... #......##.#.#


You could see a two-headed ogre, a manticore, a cyclops, a water moccasin and a
meliai.

Vanquished Creatures
  A steam dragon (D:7)
  2 water moccasins (D:7)
  Duvessa (D:6)
  2 ice beasts
  A black bear (D:7)
  An ogre (D:5)
  3 sky beasts
  2 centaurs
  2 phantoms
  A kobold brigand (D:7)
  3 bullfrogs
  5 scorpions
  Dowan (D:6)
  5 howler monkeys
  2 bombardier beetles
  5 hounds
  2 jellies (D:7)
  4 sleepcaps
  3 iguanas
  An orc wizard (D:4)
  A hell rat (D:8)
  A gnoll (D:6)
  3 adders
  3 white imps
  2 dart slugs
  2 ribbon worms
  6 orcs
  11 endoplasms
  4 giant cockroaches
  11 goblins
  7 hobgoblins
  2 jackals (D:3)
  5 kobolds
  5 quokkas
  10 ball pythons
  5 bats
  4 frilled lizards
  5 rats
134 creatures vanquished.

Vanquished Creatures (collateral kills)
  A water moccasin (D:7)
  An ogre (D:6)
  3 orc priests (D:7)
  A sleepcap (D:7)
  A gnoll bouda (D:6)
  2 gnolls (D:6)
  A shadow imp (D:6)
  7 orcs
  A kobold (D:2)
18 creatures vanquished.

Vanquished Creatures (others)
  A dancing weapon (D:6)
  An ancestor (D:8)
2 creatures vanquished.

Grand Total: 154 creatures vanquished

Notes
Turn   | Place    | Note
-------+----------+-------------------------------------------
     0 | D:1      | adelrune the Spriggan Enchanter began the quest for the
                  | Orb.
     0 | D:1      | Reached XP level 1. HP: 9/9 MP: 5/5
   162 | D:1      | Reached XP level 2. HP: 13/13 MP: 6/6
   181 | D:1      | Learned a level 2 spell: Ensorcelled Hibernation
   689 | D:1      | Found a faded altar of an unknown god.
   798 | D:2      | Reached XP level 3. HP: 16/16 MP: 5/8
   923 | D:2      | Reached skill level 5 in Stealth
  1148 | D:2      | Learned a level 3 spell: Tukima's Dance
  1807 | D:2      | Reached XP level 4. HP: 21/21 MP: 4/9
  1962 | D:3      | Reached skill level 5 in Hexes
  2135 | D:3      | Learned a level 3 spell: Confusing Touch
  2197 | D:3      | Found Wor Yfaj's Antique Armour Shop.
  2887 | D:4      | Reached XP level 5. HP: 24/24 MP: 7/10
  3729 | D:5      | Entered Level 5 of the Dungeon
  3733 | D:5      | Noticed a centaur
  3750 | D:5      | Killed a centaur
  3751 | D:5      | Reached XP level 6. HP: 28/28 MP: 4/12
  4148 | D:5      | Reached XP level 7. HP: 32/32 MP: 14/14
  4509 | D:5      | Reached skill level 5 in Spellcasting
  4584 | D:5      | Learned a level 5 spell: Yara's Violent Unravelling
  4835 | D:6      | Reached skill level 1 in Alchemy
  4835 | D:6      | Reached XP level 8. HP: 32/36 MP: 13/16
  5379 | D:6      | Found Uxuffaec's Jewellery Emporium.
  5591 | D:6      | Found a staircase to the Ecumenical Temple.
  5600 | Temple   | Entered the Ecumenical Temple
  5619 | Temple   | Became a worshipper of Hepliaklqana the Forgotten
  5670 | D:6      | Reached skill level 5 in Short Blades
  5882 | D:6      | Noticed Dowan
  5884 | D:6      | Noticed Duvessa
  5888 | D:6      | Killed Dowan
  6154 | D:6      | Killed Duvessa
  6393 | D:7      | Found a shadowy altar of Dithmenos.
  6419 | D:7      | Found a shimmering blue altar of Sif Muna.
  6641 | D:7      | Reached XP level 9. HP: 35/39 MP: 8/19
  7006 | D:7      | Reached skill level 10 in Hexes
  7201 | D:7      | Identified the flux talisman of Ynnomian {rCorr Str+7
                  | Int+4}
  7382 | D:7      | Reached * piety under Hepliaklqana
  7388 | D:7      | Reached skill level 10 in Stealth
  7401 | D:7      | Found a hide-covered altar of Uskayaw.
  7537 | D:8      | Found a staircase to the Lair.
  7619 | D:8      | Noticed a meliai
  7621 | D:8      | Noticed a cyclops
  7621 | D:8      | Noticed a two-headed ogre
  7626 | D:8      | Noticed a manticore
  7628 | D:8      | Hit by a large rock thrown by a cyclops

Illustrated notes

Levels and vault maps discovered:
D:1:      amcnicky_arrival_underground_garden, layout_basic,
          ebering_ecumenical_altar_sacrificial
D:2:      layout_basic, kennysheep_boxes
D:3:      layout_basic, serial_shops, nicolae_shop_gibbet_a_chance,
          interstate_on_off
D:4:      layout_basic
D:5:      layout_layer_cave
D:6:      layout_basic, minmay_temple_entry_poolview, serial_shops,
          nicolae_shop_gaudy_bauble, uniq_duvessa
D:7:      minmay_octagon_keep, layout_basic, amcnicky_altar_gilded,
          mainiacjoe_overflow_six_doors_small, grunt_dithmenos_smoke,
          hangedman_decor_points, item_on_display_b
D:8:      layout_loops_cross, dpeg_lair_monsters, minmay_diamond_spiral
Temple:   nicolae_temple_bog_church

Skill      XL: |  1  2  3  4  5  6  7  8  9 |
---------------+----------------------------+-----
Hexes          | 4 5 6 7 9 10 | 10.6
Stealth        | 5 6 7 9 10 | 10.1
Short Blades   | 2 3 4 5 6 |  6.4
Spellcasting   | 3 4 5 6 7 |  7.1
Alchemy        | 1 3 4 |  4.3
Dodging        | |  2.6

Action                     |  1- 3 |  4- 6 |  7- 9 || total
---------------------------+-------+-------+-------++-------
  Melee: Dagger            |   102 |    77 |   135 ||   314
   Fire: Sling             |    12 |       |       ||    12
   Cast: Ensorcelled Hiber |    35 |    40 |    44 ||   119
         Tukima's Dance    |     1 |     3 |    12 ||    16
         Confusing Touch   |       |       |    12 ||    12
 Invoke: Recall Ancestor   |       |       |     1 ||     1
    Use: Scroll            |       |       |    17 ||    17
   Stab: Sleeping          |    28 |    40 |    33 ||   101
         Distracted        |       |     1 |     2 ||     3
         Confused          |       |       |    11 ||    11
 Armour: Robe              |    31 |    12 |    25 ||    68
         Steam dragon scal |       |       |     8 ||     8
  Dodge: Dodged            |   111 |    34 |    51 ||   196

Table legend: (Time is in decaauts)
 A = Elapsed time spent in this place.
 B = Non-inter-level travel time spent in this place.
 C = Inter-level travel time spent in this place.
 D = Time resting spent in this place.
 E = Time spent auto-exploring this place.
 F = Levels seen in this place.
 G = Mean time per level.
                   A        B        C        D        E       F      G
               +--------+--------+--------+--------+--------+-----+--------+
         Total |   5719 |   5600 |    119 |   1564 |   2833 |   9 |  635.4 |
       Dungeon |   5697 |   5584 |    113 |   1564 |   2833 |   8 |  712.1 |
        Temple |     21 |     15 |      6 |      0 |      0 |   1 |   21.0 |
               +--------+--------+--------+--------+--------+-----+--------+

Top non-repeatable levels by time:
     D:6: 1125 daAuts
     D:7: 923 daAuts
     D:2: 908 daAuts
     D:5: 772 daAuts
     D:4: 667 daAuts
     D:3: 666 daAuts
     D:1: 599 daAuts
     D:8: 34 daAuts
  Temple: 21 daAuts
